 Dungeon Crawl Stone Soup version 0.18-a0-1514-g6ed9364 (webtiles) character file.

1089 Foomius the Cleaver (level 8, -4/73 HPs)
             Began as a Deep Dwarf Fighter on Mar 6, 2016.
             Slain by an ice beast (15 damage)
             ... on level 6 of the Dungeon.
             The game lasted 00:23:13 (3686 turns).

Foomius the Cleaver (Deep Dwarf Fighter)            Turns: 3686, Time: 00:23:13

Health: -4/73      AC: 11    Str: 22    XL:     8   Next: 9%
Magic:  8/8        EV:  8    Int:  8    God:
Gold:   423        SH: 12    Dex: 13    Spells: 0 memorised, 7 levels left

rFire  + . .     SeeInvis .     a - +0 war axe
rCold  x . .     Gourm    .     u - +0 scale mail
rNeg   . . .     Faith    .     c - +0 shield
rPois  .         Spirit   .     (no helmet)
rElec  .         Dismiss  .     (no cloak)
rCorr  .         Reflect  +     H - +0 pair of gloves
SustAt .         Harm     .     K - +2 pair of boots
MR     +....                    h - +2 amulet of reflection
Stlth  ..........               (no ring)
                                o - ring of fire

@: non-regenerating, somewhat resistant to hostile enchantments, extremely
unstealthy
A: damage resistance, recharge devices, sense surroundings 1, slow regeneration
3
a: Device Recharging


You were on level 6 of the Dungeon.
You were not hungry.

You visited 1 branch of the dungeon, and saw 6 of its levels.

You collected 423 gold pieces.

Inventory:

Hand Weapons
 a - a +0 war axe (weapon)
 b - a +0 hand crossbow
Missiles
 n - 36 poisoned needles
 v - 38 bolts
 B - 8 tomahawks (quivered)
Armour
 c - a +0 shield (worn)
 u - a +0 scale mail (worn)
 H - a +0 pair of gloves (worn)
 K - a +2 pair of boots (worn)
Jewellery
 h - a +2 amulet of reflection (around neck)
 o - a ring of fire (left hand)
Wands
 e - a wand of heal wounds (0/9)
 y - a wand of polymorph (0/24)
 I - a wand of acid (1/15)
Scrolls
 g - 2 scrolls of random uselessness {unknown}
 i - a scroll of noise
 p - 2 scrolls of teleportation {unknown}
 q - a scroll of remove curse
 r - 4 scrolls of identify
 s - 2 scrolls of amnesia {unknown}
 z - 4 scrolls of magic mapping {unknown}
 C - 2 scrolls of fear {unknown}
 D - a scroll of blinking {unknown}
Potions
 d - 3 potions of might
 k - a potion of berserk rage {unknown}
 l - a potion of haste {unknown}
 m - 4 potions of curing
 t - a potion of flight {unknown}
 x - a potion of ambrosia {unknown}
 E - 2 potions of degeneration
 F - a potion of lignification {unknown}
 G - a potion of heal wounds {unknown}
Comestibles
 f - 4 bread rations
 j - 5 meat rations
 w - 2 chunks of flesh
 A - 2 fruits


   Skills:
 + Level 4.3 Fighting
 + Level 8.1 Axes
 + Level 5.2 Armour
 + Level 1.0 Dodging
 - Level 4.5 Shields


You had 7 spell levels left.
You didn't know any spells.

Dungeon Overview and Level Annotations

Branches:
Dungeon (6/15)
 Temple: D:4-7

Altars:
Dithmenos
Makhleb
Nemelex Xobeh
Okawaru
Ru
Sif Muna
Trog
Vehumet
Xom


Innate Abilities, Weirdness & Mutations

You are resistant to damage.
You can recharge devices by infusing magical energy.
You passively map a small area around you.
You do not regenerate naturally.


Message History

Press: ? - help, Shift-Dir - straight line, f/p - ice beast
Aim: an ice beast (moderately wounded, covered in acid)
You shoot a bolt. The bolt hits the ice beast.
The ice beast is heavily wounded.
Firing (i - inventory. (,) - cycle):
v - 39 bolts (quivered)
Press: ? - help, Shift-Dir - straight line, f/p - ice beast
Aim: an ice beast (heavily wounded, covered in acid)
You shoot a bolt. The bolt hits the ice beast!
The ice beast is almost dead.
You block the ice beast's attack.
a - a +0 war axe (weapon)
You closely miss the ice beast.
The ice beast is almost dead.
The ice beast hits you but does no damage. x2
You hit the ice beast but do no damage.
The ice beast is almost dead.
The ice beast hits you.
* * * LOW HITPOINT WARNING * * *
The ice beast freezes you!!
You feel a terrible chill!
You die...

###......#
#...###### ,
#.### + #.# *
#.# #.# *
###.########*
,
#...........
#@#.........
,
#Y##########
, * * #.# **
#.#* * *
,#(#, , , ,,
# * ,, .(( *
....## * #.#
#.#.## ,, *
#(# *
###.#$## * ,
,#.. ,
..#.#.#.


You could see an ice beast.

Vanquished Creatures
  Eustachio (D:4)
  Menkaure (D:4)
  A sky beast (D:6)
  A black bear (D:4)
  An ogre (D:5)
  The ghost of Fabri the Changer, an amateur OpTm (D:3)
  A scorpion (D:6)
  A howler monkey (D:5)
  2 crimson imps (D:5)
  2 orc priests (D:5)
  2 hounds
  2 orc wizards (D:3)
  2 iguanas
  A worker ant (D:5)
  A worker ant zombie (D:5)
  2 adders
  An ooze (D:1)
  An adder zombie (D:6)
  A worm (D:3)
  3 giant geckos
  5 orcs
  3 bats (D:2)
  5 giant cockroaches
  5 goblins
  A hobgoblin (D:1)
  A quokka (D:4)
  A ball python (D:1)
  4 giant newts
  5 kobolds
  2 rats
60 creatures vanquished.

Vanquished Creatures (others)
  A goblin (D:2)
1 creature vanquished.

Grand Total: 61 creatures vanquished

Notes
Turn   | Place    | Note
--------------------------------------------------------------
     0 | D:1      | Foomius the Deep Dwarf Fighter began the quest for the Orb.
     0 | D:1      | Reached XP level 1. HP: 20/20 MP: 1/1
    95 | D:1      | Found a sparkling altar of Nemelex Xobeh.
   176 | D:1      | Reached skill level 3 in Axes
   230 | D:1      | Reached XP level 2. HP: 25/27 MP: 2/2
   669 | D:2      | Found a shadowy altar of Dithmenos.
   704 | D:2      | Found a sacrificial altar of Ru.
   711 | D:2      | Found a burning altar of Makhleb.
  1180 | D:2      | Found an iron altar of Okawaru.
  1320 | D:2      | Found a radiant altar of Vehumet.
  1530 | D:3      | Noticed Fabri's ghost (amateur OpTm)
  1577 | D:3      | Reached XP level 3. HP: 15/33 MP: 3/3
  1626 | D:3      | Reached skill level 4 in Axes
  1755 | D:3      | Found a deep blue altar of Sif Muna.
  1777 | D:3      | Reached skill level 5 in Axes
  1777 | D:3      | Reached XP level 4. HP: 16/40 MP: 4/4
  2048 | D:3      | Killed Fabri's ghost
  2048 | D:3      | Reached skill level 6 in Axes
  2048 | D:3      | Reached XP level 5. HP: 29/46 MP: 5/5
  2204 | D:4      | Found a bloodstained altar of Trog.
  2319 | D:4      | Noticed Eustachio
  2411 | D:4      | Killed Eustachio
  2411 | D:4      | Reached XP level 6. HP: 37/56 MP: 6/6
  2428 | D:4      | Noticed Menkaure
  2433 | D:4      | Killed Menkaure
  2433 | D:4      | Reached skill level 7 in Axes
  2553 | D:4      | Reached XP level 7. HP: 17/62 MP: 7/7
  2841 | D:5      | Entered Level 5 of the Dungeon
  3157 | D:5      | Found a shimmering altar of Xom.
  3553 | D:5      | Reached skill level 5 in Armour
  3572 | D:6      | Reached skill level 8 in Axes
  3649 | D:6      | Reached XP level 8. HP: 13/73 MP: 8/8
  3671 | D:6      | Reached skill level 1 in Dodging
  3686 | D:6      | Slain by an ice beast

Vault maps used:
D:1:      minmay_arrival_three_doors, minmay_misc_feat_roman,
          minmay_crystal_water, st_stairs_14, nemelex_xobeh_ov_fountains_minmay
D:2:      nicolae_overflow_hidden_temple, kennysheep_okawaru_gauntlet,
          old_standard_altar, amethyst_overflow_temple_binary
D:3:      first_bread, led_sif_book
D:4:      nicolae_overflow_crystal_walls, uniq_eustachio, uniq_menkaure
D:5:      kennysheep_mini, feat_on_display
D:6:      evilmike_ruin_ashenzari, minmay_temple_entry_hall,
          grunt_decor_one_mirror, minivault_5, hangedman_ru_absence, uniq_edmund

Skill      XL: |  1  2  3  4  5  6  7  8 |
---------------+-------------------------+-----
Axes           | 3 5 6 7 8 |  8.1
Fighting       | 3 4 |  4.3
Armour         | 4 5 |  5.2
Shields        | 4 |  4.5
Dodging        | 1 |  1.0

Action                   |  1- 3 |  4- 6 |  7- 9 || total
-------------------------+-------+-------+-------++-------
Melee: War axe           |    87 |    93 |   115 ||   295
 Fire: Hand crossbow     |     4 |    11 |    11 ||    26
Throw: Stone             |     5 |       |       ||     5
       Tomahawk          |     2 |     7 |    27 ||    36
Evoke: Wand              |       |     3 |     9 ||    12
  Use: Scroll            |       |       |     3 ||     3
       Potion            |       |       |     1 ||     1
  Eat: Chunk             |     3 |     1 |     3 ||     7
       Fruit             |       |       |     1 ||     1
       Pizza             |       |       |     1 ||     1
